 Dungeon Crawl Stone Soup version 0.13.0-6-g40e4d2d (webtiles) character file.

1038 Malachi the Cudgeler (level 7, -1/58 HPs)
             Began as a Centaur Fighter on Oct 15, 2013.
             Was an Initiate of Okawaru.
             Succumbed to a water moccasin's poison
             ... while paralysed by a potion of paralysis
             ... on Level 5 of the Dungeon.
             The game lasted 00:08:17 (3945 turns).

Malachi the Cudgeler (Centaur Fighter)              Turns: 3945, Time: 00:08:17

HP  -1/58        AC 12     Str 20      XL: 7   Next: 72%
MP   4/4         EV  1     Int  7      God: Okawaru [......]
Gold 175         SH  0     Dex 14      Spells:  0 memorised,  6 levels left

Res.Fire  : . . .   See Invis. : .   q - +0 great mace
Res.Cold  : . . .   Warding    : +   s - +0 plate armour
Life Prot.: + . .   Conserve   : .   (no shield)
Res.Poison: .       Res.Corr.  : .   (no helmet)
Res.Elec. : .       Clarity    : .   n - +2 dwarf cloak
Sust.Abil.: + .     Spirit.Shd : .   (no gloves)
Res.Mut.  : .       Stasis     : .   (no barding)
Res.Rott. : .       Flight     : .   w - amulet of warding
Saprovore : . . .                    j - +3,+4 ring of slaying
                                     l - ring of sustain abilities

@: paralysed, agile, very poisoned, very quick, slightly resistant to hostile
enchantments, extremely unstealthy
A: hooves 3, deformed body, herbivore 1, speed 2, fast metabolism 1, tough skin
3
a: Renounce Religion


You were on level 5 of the Dungeon.
You worshipped Okawaru.
Okawaru was noncommittal.
You were hungry.

You visited 2 branches of the dungeon, and saw 6 of its levels.

You collected 155 gold pieces.

Inventory:

Hand weapons
 a - a +1,+0 mace
 e - a +0 blowgun
 q - a +0,+0 great mace (weapon)
Missiles
 k - 21 poisoned needles
 m - 7 curare-tipped needles
Armour
 b - a +0 scale mail
 c - a +1 shield
 n - a +2 dwarven cloak (worn)
 s - a +0 plate armour (worn)
Magical devices
 i - a wand of flame (0)
 D - a wand of teleportation (5) {unknown}
Comestibles
 d - 3 bread rations
Scrolls
 g - a scroll of amnesia
 h - a scroll of identify
 p - a scroll of fog {unknown}
 r - 2 scrolls of curse armour {unknown}
 x - 4 scrolls of remove curse
 y - a scroll of recharging {unknown}
 A - a scroll of enchant weapon I
Jewellery
 f - an uncursed ring of flight
 j - a +3,+4 ring of slaying (right hand)
 l - a ring of sustain abilities (left hand)
 u - an uncursed ring of fire {unknown}
 w - an amulet of warding (around neck)
 C - an uncursed ring of see invisible {unknown}
Potions
 t - 2 potions of restore abilities
 z - a potion of agility
Books
 o - a Young Poisoner's Handbook

   Spells                             Type                      Level
   Sting                              Conjuration/Poison           1
   Cure Poison                        Poison                       2
   Mephitic Cloud                     Conjuration/Poison/Air       3
   Olgreb's Toxic Radiance            Poison                       4
   Venom Bolt                         Conjuration/Poison           5
 v - Sif Muna's Volume of the Frostbite
   (You found it on level 4 of the Dungeon)

   Spells                             Type                      Level
   Freeze                             Ice                          1
   Throw Frost                        Conjuration/Ice              2
   Freezing Cloud                     Conjuration/Ice/Air          6


   Skills:
 + Level 3.0 Fighting
 * Level 5.7 Maces & Flails
 - Level 2.1 Armour
 - Level 2.1 Dodging
 - Level 0.8 Stealth
   Level 4.5 Shields


You had 6 spell levels left.
You didn't know any spells.

Dungeon Overview and Level Annotations

Branches:
Dungeon (5/27)             Temple (1/1) D:4

Altars:
Ashenzari
Cheibriados
Elyvilon
Fedhas
Kikubaaqudgha
Makhleb
Okawaru
Sif Muna
Trog
Vehumet
Xom
Zin
Lugonu

Shops:
D:5 *


Innate Abilities, Weirdness & Mutations

You have hooves in place of feet.
Armour fits poorly on your strangely shaped body.
You digest meat inefficiently.
You cover ground very quickly.
You have a fast metabolism.
You have extremely tough skin (AC +3).


Message History

You start resting.
* * * LOW HITPOINT WARNING * * *
You feel very sick.
You start resting.
* * * LOW HITPOINT WARNING * * *
You feel sick.
You start resting.
* * * LOW HITPOINT WARNING * * *
You feel very sick.
Drink which item? (? for menu, Esc to quit)
You suddenly lose the ability to move!
It was a potion of paralysis.
* * * LOW HITPOINT WARNING * * *
You feel very sick.
* * * LOW HITPOINT WARNING * * *
You feel very sick.
* * * LOW HITPOINT WARNING * * *
You feel sick.
* * * LOW HITPOINT WARNING * * *
You feel very sick.
You die...

# ##..
##.....
##.....>.
##......#
#....=#
##.@.#
##....#
##....##
##....##
#.....#
##...###
#....#
#...##
#)...##


There were no monsters in sight!

Vanquished Creatures
  Grinder (D:4)
  3 ogres (D:4)
  A water moccasin (D:5)
  An orc wizard (D:4)
  A giant frog skeleton (D:5)
  2 scorpions
  2 worker ants (D:4)
  An ogre skeleton (D:4)
  6 adders
  A worm (D:5)
  A giant gecko (D:2)
  An ooze (D:2)
  9 orcs
  3 ball pythons
  3 giant cockroaches
  6 hobgoblins
  9 bats
  5 giant newts
  10 goblins
  A hobgoblin skeleton (D:4)
  12 jackals
  A jackal skeleton (D:5)
  10 kobolds
  6 quokkas
  5 rats
101 creatures vanquished.

Notes
Turn   | Place    | Note
--------------------------------------------------------------
     0 | D:1      | Malachi, the Centaur Fighter, began the quest for the Orb.
     0 | D:1      | Reached XP level 1. HP: 19/19 MP: 0/0
   116 | D:1      | Reached XP level 2. HP: 26/26 MP: 1/1
   556 | D:2      | Reached XP level 3. HP: 33/33 MP: 2/2
   678 | D:2      | Found an ancient bone altar of Kikubaaqudgha.
   679 | D:2      | Found a burning altar of Makhleb.
   680 | D:2      | Found a bloodstained altar of Trog.
   681 | D:2      | Found a snail-covered altar of Cheibriados.
   688 | D:2      | Found a shattered altar of Ashenzari.
   819 | D:2      | Reached XP level 4. HP: 39/39 MP: 2/2
   980 | D:2      | Found a glowing silver altar of Zin.
   980 | D:2      | Noticed an angel
  1900 | D:4      | Noticed Grinder
  2163 | D:4      | Paralysed by Grinder for 5 turns
  2434 | D:4      | Paralysed by Grinder for 4 turns
  2440 | D:4      | Paralysed by Grinder for 3 turns
  2451 | D:4      | Killed Grinder
  2451 | D:4      | Reached skill level 4 in Maces & Flails
  2451 | D:4      | Reached skill level 1 in Dodging
  2451 | D:4      | Reached XP level 5. HP: 28/45 MP: 3/3
  2451 | D:4      | Reached XP level 6. HP: 32/52 MP: 4/4
  2536 | D:4      | Noticed an ogre
  2556 | D:4      | Killed an ogre
  2767 | D:4      | Reached XP level 7. HP: 18/58 MP: 4/4
  3009 | D:4      | Noticed an ogre
  3022 | D:4      | Killed an ogre
  3134 | D:4      | Reached skill level 5 in Maces & Flails
  3212 | D:4      | Identified Sif Muna's Volume of the Frostbite
  3320 | D:4      | Found a staircase to the Ecumenical Temple.
  3411 | Temple   | Entered the Ecumenical Temple
  3434 | Temple   | Became a worshipper of Warmaster Okawaru
  3719 | D:5      | Entered Level 5 of the Dungeon
  3750 | D:5      | Found Thrucol's General Store.
  3941 | D:5      | Paralysed by a potion of paralysis for 7 turns
  3944 | D:5      | HP: 1/58 [poisoned by a water moccasin]
  3945 | D:5      | Succumbed to a water moccasin's poison

Action                   |  1- 3 |  4- 6 |  7- 9 || total
-------------------------+-------+-------+-------++-------
Melee: Mace              |    78 |    95 |    29 ||   202
       Great mace        |       |       |    28 ||    28
  Use: Scroll            |     3 |     8 |     1 ||    12
       Potion            |       |     5 |     2 ||     7
